 Dungeon Crawl Stone Soup version 0.23.2-1-ga50397a (console) character file.

Game seed: 3925236275357959850

920 Xtruder99 the Ducker (level 8, -6/67 HPs)
             Began as a Gnoll Monk on May 23, 2019.
             Mangled by an orc warrior
             ... wielding a +0 flail
              (10 damage)
             ... on level 6 of the Dungeon.
             The game lasted 00:16:09 (5467 turns).

Xtruder99 the Ducker (Gnoll Monk)                   Turns: 5467, Time: 00:16:10

Health: -6/67      AC:  9    Str: 16    XL:     8   Next: 10%
Magic:  12/12      EV: 13    Int: 13    God:
Gold:   228        SH:  5    Dex: 17    Spells: 12/12 levels left

rFire    . . .     SeeInvis .   m - +0 war axe
rCold    . . .     Gourm    .   h - +0 buckler
rNeg     . . .     Faith    .   e - +0 scale mail
rPois    .         Spirit   .   k - +0 helmet
rElec    .         Reflect  .   (no cloak)
rCorr    +         Harm     .   (no gloves)
MR       .....                  u - +0 pair of boots
Stlth    +++.......             (no amulet)
HPRegen  0.21/turn              p - ring of stealth
MPRegen  0.13/turn              v - ring of resist corrosion

@: no status effects
A: distributed training, fangs 1, strong nose
a: no special abilities


You were on level 6 of the Dungeon.
You were not hungry.

You visited 1 branch of the dungeon, and saw 6 of its levels.

You collected 228 gold pieces.

Inventory:

Hand Weapons
 i - a +2 dagger of speed
 m - a +0 war axe (weapon)
 w - a +0 trident
Armour
 b - a +0 robe
 e - a +0 scale mail (worn)
 h - a +0 buckler (worn)
 k - a +0 helmet (worn)
 s - a +0 plate armour
 u - a +0 pair of boots (worn)
Jewellery
 p - a ring of stealth (left hand)
 v - a ring of resist corrosion (right hand)
Wands
 n - a wand of flame (12)
Scrolls
 d - 8 scrolls of identify
 f - 4 scrolls of remove curse
 l - 2 scrolls of teleportation {unknown}
 o - a scroll of random uselessness {unknown}
 q - a scroll of magic mapping {unknown}
 r - a scroll of fog {unknown}
Potions
 a - a potion of flight {unknown}
 g - a potion of resistance
 j - a potion of brilliance
 t - 2 potions of cancellation {unknown}
 x - a potion of berserk rage {unknown}
Comestibles
 c - 10 rations
 z - 4 chunks of flesh


   Skills:
 + Level 7.2 Fighting
 + Level 2.9 Short Blades
 + Level 2.9 Long Blades
 + Level 7.2 Axes
 + Level 2.9 Maces & Flails
 + Level 2.9 Polearms
 + Level 2.9 Staves
 + Level 2.9 Slings
 + Level 2.9 Bows
 + Level 2.9 Crossbows
 + Level 2.9 Throwing
 + Level 2.9 Armour
 + Level 7.2 Dodging
 + Level 5.1 Stealth
 + Level 2.9 Shields
 + Level 2.9 Unarmed Combat
 + Level 2.9 Spellcasting
 + Level 2.3 Conjurations
 + Level 2.3 Hexes
 + Level 2.3 Charms
 + Level 2.3 Summonings
 + Level 2.3 Necromancy
 + Level 2.3 Translocations
 + Level 2.3 Transmutations
 + Level 2.3 Fire Magic
 + Level 2.3 Ice Magic
 + Level 2.3 Air Magic
 + Level 2.3 Earth Magic
 + Level 2.3 Poison Magic
 + Level 3.2 Invocations
 + Level 2.9 Evocations


You had 12 spell levels left.
You didn't know any spells.
Your spell library was empty.

Dungeon Overview and Level Annotations

Branches:
Dungeon (6/15)
 Temple: D:4-7

Altars:


Innate Abilities, Weirdness & Mutations

Your experience applies equally to all skills.
You have very sharp teeth.
Your uncanny sense of smell can sniff out nearby items.


Message History

Your bite misses the orc warrior.
The orc warrior is moderately wounded.
You hit the orc. The orc warrior barely misses you.
The orc hits you but does no damage. The orc warrior barely misses you.
You hit the orc warrior but do no damage.
You bite the orc warrior, but do no damage.
The orc warrior is moderately wounded.
You closely miss the orc. You block the orc's attack.
You closely miss the orc warrior.
You bite the orc warrior, but do no damage.
The orc warrior is moderately wounded.
You closely miss the orc. The orc warrior barely misses you.
The orc hits you with a +0 falchion.
* * * LOW HITPOINT WARNING * * *
You slash the orc warrior!
You bite the orc warrior, but do no damage.
The orc warrior is heavily wounded.
You hit the orc.
The orc warrior hits you with a +0 flail!
You die...

####### ######## .....$
... ..# ∆....# #.# #.#
..###..#####.###.####
#.......##..........###
.. #...##.#...........
#.###.........)..#
#......#...††###@#
#.#...###......oo)...#
.###.<.#...#.###.##..#
#.#.÷##.#....# #.# .#
#÷#.##.#.#### #.# #
#.#.## ... ... #.#.#
...# #.# #.#.##...# ...
#.#.# ..


You could see an orc warrior and an orc.

Vanquished Creatures
  A sky beast (D:5)
  A phantom (D:6)
  3 scorpions
  A howler monkey (D:4)
  2 hounds (D:4)
  A centaur skeleton (D:5)
  Jessica (D:2)
  Terence (D:2)
  Natasha (thrice) (D:2)
  2 orc wizards (D:6)
  4 worker ants
  2 worker ant zombies (D:5)
  Robin (D:2)
  3 adders
  4 gnolls (D:3)
  A shadow imp (D:5)
  A worm (D:4)
  A dart slug (D:1)
  4 leopard geckos
  6 orcs
  2 ball pythons (D:1)
  3 giant cockroaches
  16 goblins
  5 hobgoblins
  9 jackals
  2 quokkas
  3 bats
  A frilled lizard (D:1)
  8 kobolds
  A leopard gecko zombie (D:5)
  A quokka skeleton (D:5)
  2 rats (D:3)
96 creatures vanquished.

Notes
Turn   | Place    | Note
-------+----------+-------------------------------------------
     0 | D:1      | Xtruder99 the Gnoll Monk began the quest for the Orb.
     0 | D:1      | Reached XP level 1. HP: 23/23 MP: 1/1
    96 | D:1      | Reached XP level 2. HP: 23/29 MP: 2/2
   461 | D:2      | Noticed Natasha
   467 | D:2      | Noticed a crimson imp
   469 | D:2      | Killed Natasha
   469 | D:2      | Reached skill level 1 in Invocations
   469 | D:2      | Reached XP level 3. HP: 12/35 MP: 2/4
   777 | D:2      | Noticed Robin
   777 | D:2      | Noticed Natasha
   790 | D:2      | Reached skill level 1 in Short Blades
   790 | D:2      | Reached skill level 1 in Long Blades
   790 | D:2      | Reached skill level 1 in Maces & Flails
   790 | D:2      | Reached skill level 1 in Polearms
   790 | D:2      | Reached skill level 1 in Staves
   790 | D:2      | Reached skill level 1 in Slings
   790 | D:2      | Reached skill level 1 in Bows
   790 | D:2      | Reached skill level 1 in Crossbows
   790 | D:2      | Reached skill level 1 in Throwing
   790 | D:2      | Reached skill level 1 in Armour
   790 | D:2      | Reached skill level 1 in Shields
   790 | D:2      | Reached skill level 1 in Unarmed Combat
   790 | D:2      | Reached skill level 1 in Spellcasting
   790 | D:2      | Reached skill level 1 in Evocations
   879 | D:2      | Reached XP level 4. HP: 30/41 MP: 5/5
   959 | D:2      | Killed Natasha
  1177 | D:2      | Killed Robin
  1177 | D:2      | Reached skill level 1 in Conjurations
  1177 | D:2      | Reached skill level 1 in Hexes
  1177 | D:2      | Reached skill level 1 in Charms
  1177 | D:2      | Reached skill level 1 in Summonings
  1177 | D:2      | Reached skill level 1 in Necromancy
  1177 | D:2      | Reached skill level 1 in Translocations
  1177 | D:2      | Reached skill level 1 in Transmutations
  1177 | D:2      | Reached skill level 1 in Fire Magic
  1177 | D:2      | Reached skill level 1 in Ice Magic
  1177 | D:2      | Reached skill level 1 in Air Magic
  1177 | D:2      | Reached skill level 1 in Earth Magic
  1177 | D:2      | Reached skill level 1 in Poison Magic
  1192 | D:2      | Noticed Natasha
  1212 | D:2      | Killed Natasha
  1212 | D:2      | Reached XP level 5. HP: 11/47 MP: 6/6
  1480 | D:2      | Noticed Jessica
  1482 | D:2      | Noticed Terence
  1511 | D:2      | Killed Jessica
  1518 | D:2      | Killed Terence
  1926 | D:3      | Reached XP level 6. HP: 11/53 MP: 8/8
  3872 | D:4      | Reached XP level 7. HP: 57/59 MP: 10/10
  4144 | D:5      | Entered Level 5 of the Dungeon
  5159 | D:5      | Reached skill level 5 in Stealth
  5444 | D:6      | Reached XP level 8. HP: 64/67 MP: 12/12
  5467 | D:6      | Mangled by an orc warrior

Skill      XL: |  1  2  3  4  5  6  7 |
---------------+----------------------+-----
Invocations    | 1 2 3 |  3.2
Short Blades   | 1 2 |  2.9
Long Blades    | 1 2 |  2.9
Maces & Flails | 1 2 |  2.9
Polearms       | 1 2 |  2.9
Staves         | 1 2 |  2.9
Slings         | 1 2 |  2.9
Bows           | 1 2 |  2.9
Crossbows      | 1 2 |  2.9
Throwing       | 1 2 |  2.9
Armour         | 1 2 |  2.9
Shields        | 1 2 |  2.9
Unarmed Combat | 1 2 |  2.9
Spellcasting   | 1 2 |  2.9
Evocations     | 1 2 |  2.9
Conjurations   | 1 2 |  2.3
Hexes          | 1 2 |  2.3
Charms         | 1 2 |  2.3
Summonings     | 1 2 |  2.3
Necromancy     | 1 2 |  2.3
Translocations | 1 2 |  2.3
Transmutations | 1 2 |  2.3
Fire Magic     | 1 2 |  2.3
Ice Magic      | 1 2 |  2.3
Air Magic      | 1 2 |  2.3
Earth Magic    | 1 2 |  2.3
Poison Magic   | 1 2 |  2.3
Fighting       | 7 |  7.2
Axes           | 7 |  7.2
Dodging        | 7 |  7.2
Stealth        | 5 |  5.1

Action                   |  1- 3 |  4- 6 |  7- 9 || total
-------------------------+-------+-------+-------++-------
Melee: Hand axe          |    81 |    59 |       ||   140
       Bite              |     4 |    22 |    23 ||    49
       War axe           |       |   113 |    56 ||   169
       Dagger            |       |    15 |       ||    15
       Trident           |       |       |    73 ||    73
  Use: Potion            |       |     3 |     1 ||     4
       Scroll            |       |     2 |     1 ||     3
 Stab: Sleeping          |     3 |     3 |    10 ||    16
  Eat: Chunk             |       |     9 |     2 ||    11
       Ration            |       |       |     1 ||     1
Armor: Robe              |     4 |     8 |       ||    12
       Scale mail        |       |    37 |    40 ||    77
Dodge: Dodged            |    49 |   143 |    75 ||   267
Block: Buckler           |       |       |    29 ||    29
